 Dungeon Crawl Stone Soup version 0.26.1-2-gb8aa6d0cf2 (webtiles) character file.

Game seed: 7876444921009943757

2 MalarOregon the Caller (level 1, -1/11 HPs)
             Began as a Halfling Summoner on Mar 28, 2021.
             Slain by a kobold
             ... wielding a +3 dagger
              (5 damage)
             ... on level 1 of the Dungeon.
             The game lasted 00:01:40 (204 turns).

MalarOregon the Caller (Halfling Summoner)           Turns: 204, Time: 00:01:41

Health: -1/11      AC:  2    Str:  9    XL:     1   Next: 44%
Magic:  1/3        EV: 15    Int: 13    God:
Gold:   0          SH:  0    Dex: 14    Spells: 2/3 levels left

rFire    . . .     SeeInvis .   b - +0 club
rCold    . . .     Faith    .   (shield restricted)
rNeg     . . .     Spirit   .   a - +0 robe
rPois    .         Reflect  .   (no helmet)
rElec    .         Harm     .   (no cloak)
rCorr    .         Rampage  .   (no gloves)
Will     .....                  (no boots)
Stlth    ++........             (no amulet)
HPRegen  0.03/turn              (no ring)
MPRegen  0.08/turn              (no ring)

@: no status effects
A: small, mutation resistance 1
a: no special abilities


You were on level 1 of the Dungeon.
You visited 1 branch of the dungeon, and saw 1 of its levels.

Inventory:

Hand Weapons
 b - a +0 club (weapon)
   (You took it off a goblin on level 1 of the Dungeon)
Armour
 a - a +0 robe (worn)


   Skills:
 + Level 0.1 Fighting
 + Level 0.1 Armour
 + Level 2.2 Dodging
 - Level 2.1 Stealth
 + Level 1.6 Spellcasting
 + Level 3.3 Summonings


You had 2 spell levels left.
You knew the following spells:

 Your Spells              Type           Power        Failure   Level
a - Summon Small Mammal   Summ           36%          7%          1

Your spell library contained the following spells:

 Spells                   Type           Power        Failure   Level
 Call Imp                 Summ           9%           11%         2
 Call Canine Familiar     Summ           9%           21%         3
 Summon Guardian Golem    Hex/Summ       5%           38%         3
 Summon Ice Beast         Ice/Summ       5%           80%         4
 Summon Lightning Spire   Summ/Air       5%           80%         4


Dungeon Overview and Level Annotations

Branches:
Dungeon (1/15)

Altars:


Innate Abilities, Weirdness & Mutations

You are small and have problems with some larger weapons.
You are somewhat resistant to further mutation.


Message History

Your bat hits the bat but does no damage.
The bat misses you.
Your bat closely misses the bat.
The bat hits you but does no damage.
You barely miss the bat. The bat hits you but does no damage.
Your bat hits the bat but does no damage.
The bat barely misses your bat.
Your bat barely misses the bat.
The bat completely misses your rat.
Your bat hits the bat.
Your rat closely misses the bat.
You barely miss the bat. The bat hits you.
* * * LOW HITPOINT WARNING * * *
Your bat closely misses the bat.
The bat hits your bat.
Your bat barely misses the bat.
The bat closely misses your bat.
Your bat misses the bat.
Your rat closely misses the bat.
You hit the bat.
You kill the bat!
There is an open door here.
Something unseen opens the door.
You see here a +0 club.
b - a +0 club
b - a +0 club (weapon)
You see here a frilled lizard corpse.
What are your orders? t - Shout!
Orders for allies: a - Attack new target. r - Retreat! s - Stop attacking. g - Guard the area. f - Follow me.
Anything else - Cancel.
Gang up on whom?
Aim: a kobold, wielding a +3 dagger Attack!
Your rat disappears in a puff of smoke!
Your bat hits the kobold but does no damage.
Your bat closely misses the kobold.
Your rat barely misses the kobold.
Your bat completely misses the kobold.
Your bat barely misses the kobold.
Your rat bites the hobgoblin.
The hobgoblin dies!
Your bat hits the kobold but does no damage.
Your bat misses the kobold.
Found a puce potion.
Your bat hits the kobold but does no damage.
Found a scroll labelled QATAES BAOGO.
Your bat barely misses the kobold.
You see here 15 sling bullets.
You swap places.
The kobold completely misses your rat.
Your rat bites the kobold but does no damage.
The kobold hits your rat with a +3 dagger.
Your rat dies!
Your rat's corpse disappears in a puff of smoke!
The kobold hits you with a +3 dagger.
You die...

###.... .#.#..#.#. .......#
.#....#.##.
#....#.##......##.#.
#..#.#..........#.# #
#..##............## . #.
#.#................
..##.###..............!.?.
..........@.............#
.........K########...##..
................r.(.........#
...........###'###.........#
...8....'## #...##+....8..#
#..b...##.#####.# ##......#
#....####.#..r..# ###....#
#....#..bg#.###### ....#
#...##.##K#......# #...#


You could see a kobold.

Vanquished Creatures
  A bat (D:1)
  A goblin (D:1)
2 creatures vanquished.

Vanquished Creatures (collateral kills)
  A hobgoblin (D:1)
  A frilled lizard (D:1)
2 creatures vanquished.

Grand Total: 4 creatures vanquished

Notes
Turn   | Place    | Note
-------+----------+-------------------------------------------
     0 | D:1      | MalarOregon the Halfling Summoner began the quest for the
                  | Orb.
     0 | D:1      | Reached XP level 1. HP: 11/11 MP: 3/3
   204 | D:1      | Slain by a kobold

Illustrated notes

Levels and vault maps discovered:
D:1:      nicolae_arrival_somewhat_less_tricky_arrival, layout_loops_ring,
          minmay_misc_feat_secret_circle

Action                   || total
-------------------------++-------
Melee: Unarmed           ||    11
 Cast: Summon Small Mamm ||    13
Armor: Robe              ||     8
Dodge: Dodged            ||    14
